 Dungeon Sprint DCSS version 0.17-a0-1582-ge6b0260 (webtiles) character file.

2331 Jb9000 the Blocker (level 9, -5/61 HPs)
             Began as a Gargoyle Fighter on July 27, 2015.
             Was an Initiate of Nemelex Xobeh.
             Killed by divine providence
             ... invoked by an orc high priest
              (17 damage)
             ... in the Dungeon (Sprint III: "The Ten Rune Challenge").
             The game lasted 00:10:54 (1596 turns).

Jb9000 the Blocker (Gargoyle Fighter)               Turns: 1596, Time: 00:10:58

Health: -5/61      AC: 24    Str: 27    XL:     9   Next: 42%
Magic:  19/19      EV:  8    Int:  9    God:    Nemelex Xobeh [......]
Gold:   22         SH: 14    Dex: 10    Spells: 0 memorised, 22 levels left

rFire  . . .     SeeInvis .     f - +2 long sword (holy)
rCold  + . .     Clarity  .     t - +0 plate armour
rNeg   + . .     SustAt   .     c - +0 shield
rPois  ∞         Gourm    .     (no helmet)
rElec  +         Spirit   .     (no cloak)
rCorr  .         Warding  .     (no gloves)
rMut   .         NoTele   +     (no boots)
MR     .....                    (no amulet)
Stlth  ..........               (no ring)
                                l - ring of protection from cold

@: mighty, very slightly contaminated, hasted, very quick, not resistant to
hostile enchantments, extremely unstealthy
A: large bone plates 1, rugged brown scales 1, yellow scales 1, negative energy
resistance 1, electricity resistance, unbreathing, evolution 1, petrification
resistance, rot immunity, AC +5
a: Renounce Religion


You were in the Dungeon.
You worshipped Nemelex Xobeh.
Nemelex Xobeh was noncommittal.
You were hungry.

You visited 1 branch You collected 22 gold pieces.

Inventory:

Hand weapons
 a - a +0 flail
 f - a +2 long sword of holy wrath (weapon)
Armour
 b - a +0 scale mail
 c - a +0 shield (worn)
 t - a +0 plate armour (worn)
Jewellery
 l - a ring of protection from cold (left hand)
Magical devices
 j - a wand of hasting (0)
Scrolls
 k - 2 scrolls of blinking
 n - a scroll of identify
 o - 2 scrolls of remove curse
Potions
 i - 2 potions of magic
 s - 2 potions of flight
Books
 v - a book of the Warp

   Spells                             Type                      Level
   a - Recall                         Summoning/Translocation      3
   b - Gell's Gravitas                Hexes/Translocation          3
   c - Force Lance                    Conjuration/Translocation    4
   d - Phase Shift                    Translocation                5
   e - Warp Weapon                    Charms/Translocation         5
   f - Summon Forest                  Summoning/Translocation      5
 w - a book of Alchemy

   Spells                             Type                      Level
   a - Sublimation of Blood           Necromancy                   2
   b - Ignite Poison                  Fire/Transmutation/Poison    3
   c - Alistair's Intoxication        Transmutation/Poison         4
   d - Condensation Shield            Ice                          4
   e - Petrify                        Transmutation/Earth          4
   f - Irradiate                      Conjuration/Transmutation    5
Miscellaneous
 r - a plain deck of war {drawn: 1}
 u - a sack of spiders {used: 1}
Comestibles
 e - a bread ration
 p - 2 meat rations


   Skills:
 + Level 8.8 Fighting
 * Level 6.7 Long Blades
 - Level 5.5 Maces & Flails
 + Level 9.2 Armour
 * Level 6.2 Dodging
 * Level 9.5 Stealth
 + Level 9.6 Shields
 * Level 7.1 Spellcasting


You had 22 spell levels left.
You didn't know any spells.

Dungeon Overview and Level Annotations

Branches:
Dungeon (1/1)

Altars:
Cheibriados
Dithmenos
Elyvilon
Fedhas
Gozag
Kikubaaqudgha
Makhleb
Nemelex Xobeh
Okawaru
Qazlal
Ru
Sif Muna
Trog
Vehumet
Xom
Yredelemnul
Zin
The Shining One
Jiyva
Lugonu


Innate Abilities, Weirdness & Mutations

You are resistant to torment.
Your stone body is resilient (AC +5).
You are immune to poison.
You resist negative energy.
You are resistant to electric shocks.
You can survive without breathing.
You are immune to petrification.
You are immune to rotting.
You are partially covered in large bone plates (AC +2, SH +2).
You are partially covered in rugged brown scales (AC +1, +3% HP).
You are partially covered in yellow scales (AC +2).
You evolve.


Message History

Your water elemental engulfs the rust devil in water!
Your scorpion closely misses the rust devil.
What do you say? t - Shout!
Orders for allies: a - Attack new target. r - Retreat! s - Stop attacking. w - Wait here. f - Follow me.
Anything else - Stay silent.
Okay, then.
The rust devil closely misses your scorpion.
Your water elemental hits the rust devil!
The rust devil pulls free of the water.
Your water elemental hits the rust devil.
Your water elemental hits the rust devil!
The orc knight hits your water elemental with a long sword!
Your scorpion stings the rust devil but does no damage.
The orc high priest mumbles some strange prayers to Beogh against you.
Something smites you!
You die...
Your body disappears without a glow. ▓▓▓ # ##.###############$#$ #####..#___#__.#__#$$$ $### .#..#..#...#...#._#$o..oooo .#..#..###'#)###)##$$ ooooo

.##'#..#..........#.$.ooo
.###...'.⌠........#o#o$##
####...#..)######'#o$$$$#
###....#.⌠.#__#.@.#'#############
##.....#...#__#..s#.oo.#.#.#.....
#......#'###__#.≈4##.#o)#.##)#
.#.....#...#__#.≈Eo##o#.#.##.#
###....#___#_.'.≈≈#o§o#..#..##
▓▓▓▓▓▓▓▓▓▓▓▓▓▓▓▓▓▓▓▓▓▓▓▓▓▓▓


You could see an orc knight, an orc high priest, a rust devil, a friendly water
elemental and a friendly scorpion.

Vanquished Creatures
  2 orc knights (D)
  A deep elf priest (D)
  A shadow (D)
  A spatial vortex (D)
  A hill giant (D)
  A necrophage (D)
  3 two-headed ogres (D)
  A water elemental (D)
  A scorpion (D)
  A wizard (D)
  A jelly (D)
  A necromancer (D)
  3 humans (D)
  A kobold demonologist (D)
  2 oozes (D)
  2 orcs (D)
  2 rats (D)
25 creatures vanquished.

Vanquished Creatures (others)
  2 draconian scorchers (D)
  A yaktaur (D)
3 creatures vanquished.

Grand Total: 28 creatures vanquished

Notes
Turn   | Place    | Note
--------------------------------------------------------------
     0 | D        | Jb9000 the Gargoyle Fighter began the quest for the Orb.
     0 | D        | Reached XP level 1. HP: 14/14 MP: 1/1
    14 | D        | Reached skill level 1 in Dodging
    14 | D        | Reached skill level 1 in Stealth
    14 | D        | Reached skill level 1 in Spellcasting
    14 | D        | Reached XP level 2. HP: 14/20 MP: 1/3
   139 | D        | Killed a white draconian scorcher
   143 | D        | Killed a yaktaur
   169 | D        | Noticed a scorpion
   182 | D        | Reached skill level 4 in Fighting
   182 | D        | Reached XP level 3. HP: 24/24 MP: 3/5
   184 | D        | Killed a scorpion
   184 | D        | Reached XP level 4. HP: 28/30 MP: 3/7
   190 | D        | Killed a white draconian scorcher
   235 | D        | Gained mutation: You are partially covered in yellow scales (AC +2). [potion of mutation]
   235 | D        | Gained mutation: You are dopey. (Int -2) [potion of mutation]
   240 | D        | Gained mutation: You are partially covered in large bone plates (AC +2, SH +2). [potion of mutation]
   240 | D        | Gained mutation: You are agile. (Dex +2) [potion of mutation]
   240 | D        | Gained mutation: You evolve. [potion of mutation]
   241 | D        | Gained mutation: Your spells are a little harder to cast, but a little more powerful. [potion of mutation]
   241 | D        | Gained mutation: You are partially covered in rugged brown scales (AC +1, +3% HP). [potion of mutation]
   244 | D        | Noticed a water elemental
   256 | D        | Killed a water elemental
   256 | D        | Reached skill level 5 in Fighting
   256 | D        | Reached skill level 5 in Armour
   256 | D        | Reached skill level 5 in Shields
   256 | D        | Reached XP level 5. HP: 24/36 MP: 7/9
   360 | D        | Found a glowing silver altar of Zin.
   360 | D        | Found a glowing golden altar of the Shining One.
   360 | D        | Found a white marble altar of Elyvilon.
   361 | D        | Noticed a deep elf priest
   378 | D        | Killed a deep elf priest
   378 | D        | Reached skill level 6 in Fighting
   378 | D        | Reached skill level 5 in Maces & Flails
   378 | D        | Reached skill level 5 in Stealth
   378 | D        | Reached XP level 6. HP: 29/43 MP: 9/12
   463 | D        | Found an iron altar of Okawaru.
   463 | D        | Found a bloodstained altar of Trog.
   463 | D        | Noticed a human
   463 | D        | Noticed a human
   486 | D        | Killed a human
   486 | D        | Reached skill level 1 in Long Blades
   486 | D        | Reached skill level 7 in Armour
   486 | D        | Reached XP level 7. HP: 29/48 MP: 12/14
   494 | D        | Killed a human
   494 | D        | Reached skill level 5 in Spellcasting
   702 | D        | Found a basalt altar of Yredelemnul.
   702 | D        | Found a snail-covered altar of Cheibriados.
   702 | D        | Found a blossoming altar of Fedhas.
   702 | D        | Noticed a necrophage
   702 | D        | Noticed a necromancer
   709 | D        | Killed a necromancer
   712 | D        | Killed a necrophage
   712 | D        | Reached skill level 8 in Shields
   731 | D        | Found a radiant altar of Vehumet.
   731 | D        | Found a deep blue altar of Sif Muna.
   731 | D        | Found an ancient bone altar of Kikubaaqudgha.
   731 | D        | Noticed a wizard
   745 | D        | Killed a wizard
   780 | D        | Noticed a jelly
   781 | D        | Noticed a shadow
   786 | D        | Killed a jelly
   788 | D        | Killed a shadow
   788 | D        | Reached skill level 5 in Dodging
   788 | D        | Reached XP level 8. HP: 19/55 MP: 16/16
   986 | D        | Found a stormy altar of Qazlal.
   986 | D        | Found a sacrificial altar of Ru.
   986 | D        | Found a burning altar of Makhleb.
   986 | D        | Found a shimmering altar of Xom.
   987 | D        | Noticed a spatial vortex
   987 | D        | Found a viscous altar of Jiyva.
   987 | D        | Found a shadowy altar of Dithmenos.
   987 | D        | Found a sparkling altar of Nemelex Xobeh.
   987 | D        | Found a corrupted altar of Lugonu.
   987 | D        | Found an opulent altar of Gozag.
  1007 | D        | Killed a spatial vortex
  1016 | D        | Became a worshipper of Nemelex Xobeh the Trickster
  1068 | D        | Noticed a two-headed ogre
  1068 | D        | Noticed a two-headed ogre
  1080 | D        | Killed a two-headed ogre
  1084 | D        | Killed a two-headed ogre
  1085 | D        | Received a gift from Nemelex Xobeh
  1088 | D        | Noticed a two-headed ogre
  1098 | D        | Killed a two-headed ogre
  1235 | D        | Noticed a hill giant
  1254 | D        | Killed a hill giant
  1526 | D        | Noticed an orc high priest
  1526 | D        | Noticed an orc wizard
  1526 | D        | Noticed an orc warrior
  1526 | D        | Noticed an orc warrior
  1526 | D        | Noticed an orc knight
  1526 | D        | Noticed an orc knight
  1526 | D        | Noticed an orc knight
  1526 | D        | Noticed an orc warrior
  1526 | D        | Noticed an orc priest
  1526 | D        | Noticed an orc warrior
  1527 | D        | Noticed an orc priest
  1540 | D        | Noticed a sixfirhy
  1542 | D        | Noticed a sixfirhy
  1562 | D        | Killed an orc knight
  1562 | D        | Reached skill level 5 in Long Blades
  1562 | D        | Reached skill level 9 in Stealth
  1562 | D        | Reached XP level 9. HP: 46/61 MP: 17/19
  1581 | D        | Killed an orc knight
  1582 | D        | Lost mutation: You are dopey. (Int -2) [potion of cure mutation]
  1582 | D        | Lost mutation: Your spells are a little harder to cast, but a little more powerful. [potion of cure mutation]
  1582 | D        | Lost mutation: You are agile. (Dex +2) [potion of cure mutation]
  1587 | D        | Noticed a rust devil
  1596 | D        | Killed from afar by an orc high priest

Vault maps used:
D:        dungeon_sprint_mu

Action                   |  1- 3 |  4- 6 |  7- 9 || total
-------------------------+-------+-------+-------++-------
Melee: Flail             |    26 |    25 |       ||    51
       Long sword        |       |    20 |   134 ||   154
Evoke: Wand              |       |       |     1 ||     1
       Deck              |       |       |     1 ||     1
       Sack of spiders   |       |       |     1 ||     1
  Use: Potion            |     1 |     6 |     6 ||    13
       Scroll            |       |     2 |     2 ||     4
  Eat: Chunk             |       |       |     2 ||     2
       Royal jelly       |       |       |     1 ||     1
